 Dungeon Crawl Stone Soup version 0.32-a0-643-ga006e7742e (webtiles) character file.

Game seed: 16840538545589969864

149 CougarLife the Digger (level 5, -1/28 HPs)
             Began as a Gargoyle Earth Elementalist on Mar 7, 2024.
             Slain by an ogre
             ... wielding a +0 giant spiked club
              (29 damage)
             ... on level 4 of the Dungeon.
             The game lasted 00:07:08 (3402 turns).

CougarLife the Digger (Gargoyle Earth Elementalist) Turns: 3402, Time: 00:07:09

Health: -1/28      AC:  8    Str: 11    XL:     5   Next: 31%
Magic:  9/9        EV: 11    Int: 18    God:
Gold:   182        SH:  0    Dex: 10    Spells: 6/10 levels left

rFire   . . .        g - +0 dagger
rCold   . . .        (no shield)
rNeg    + . .        a - +0 robe
rPois   ∞            (no helmet)
rElec   +            o - +0 cloak
rCorr   .            (no gloves)
SInv    .            f - +0 pair of boots
Will    .....        (no amulet)
Stlth   ++           (no ring)
HPRegen 0.24/turn    (no ring)
MPRegen 0.11/turn

%: no passive effects
@: very slightly contaminated
A: sickness immunity, AC +4, negative energy resistance 1, electricity
resistance, torment resistance 1, petrification resistance
a: no special abilities


You were on level 4 of the Dungeon.
You visited 1 branch of the dungeon, and saw 4 of its levels.

You collected 202 gold pieces.
You spent 20 gold pieces at shops.

Inventory:

Hand Weapons
 g - a +0 dagger (weapon)
Armour
 a - a +0 robe (worn)
 f - a +0 pair of boots (worn)
 o - a +0 cloak (worn)
Scrolls
 c - a scroll of immolation {unknown}
 d - 6 scrolls of identify
 e - a scroll of fear {unknown}
 i - a scroll of revelation {unknown}
 j - 2 scrolls of teleportation {unknown}
 l - a scroll of poison {unknown}
 q - a scroll of fog {unknown}
Potions
 h - a potion of heal wounds {unknown}
 k - 2 potions of curing {unknown}
 m - a potion of degeneration {unknown}
 n - 2 potions of lignification {unknown}
 p - a potion of mutation {unknown}
 r - a potion of enlightenment {unknown}
 s - a potion of might {unknown}


   Skills:
 - Level 1.5 Dodging
 - Level 2.1 Stealth
 + Level 3.3 Spellcasting
 + Level 3.1 Conjurations
 + Level 4.9 Earth Magic


You had 6 spell levels left.
You knew the following spells:

 Your Spells              Type           Power      Damage    Failure   Level
a - Sandblast             Erth           40%        2d10      1%          1
b - Stone Arrow           Conj/Erth      34%        3d9       9%          3

Your spell library contained the following spells:

 Spells                   Type           Power      Damage    Failure   Level
 Magic Dart               Conj           56%        1d5       4%          1
 Passwall                 Erth           20%        N/A       6%          3
 Blink                    Tloc           4%         N/A       24%         2
 Call Imp                 Summ           4%         N/A       24%         2
 Brom's Barrelling Bould  Conj/Erth      17%        2d4       30%         4
 Inner Flame              Hex/Fire       2%         N/A       43%         3
 Petrify                  Alch/Erth      11%        N/A       50%         4
 Flame Wave               Conj/Fire      8%         2d5       63%         4
 Animate Dead             Necr           2%         N/A       85%         4
 Ignite Poison            Fire/Alch      2%         N/A       85%         4
 Passage of Golubria      Tloc           2%         N/A       85%         4
 Sticky Flame             Fire/Alch      2%         2d4       85%         4
 Freezing Cloud           Conj/Ice/Air   3%         6-21      96%         5
 Silence                  Hex/Air        1%         N/A       99%         5
 Haunt                    Necr/Summ      1%         N/A       100%        7
 Infestation              Necr           1%         N/A       100%        8
 Lehudib's Crystal Spear  Conj/Erth      8%         10d4      100%        8
 Cigotuvi's Dreadful Rot  Necr/Alch/Air  Unusable   N/A       N/A         2

Dungeon Overview and Level Annotations

Branches:
Dungeon (4/15)
 Temple: D:4-7

Altars:

Shops:
D:1 ?

Annotations:
D:4 Eustachio


Innate Abilities, Weirdness & Mutations

You are immune to sickness and miasma.
Your stone body is resilient. (AC +4)
You are immune to poison.
You resist negative energy. (rN+)
You are resistant to electric shocks. (rElec)
You are resistant to unholy torment.
You are immune to petrification.


Message History

You can't see any susceptible monsters within range! (Use Z to cast anyway.)
There is an open door here.
There is an open door here.
An ogre comes into view. It is wielding a +0 giant spiked club.
The ogre shouts!
An orc comes into view. It is wielding a +0 dagger.
Casting: Sandblast (safe; 1% risk of failure)
Confirm with . or Enter, or press ? or * to list all spells.
Aiming: Sandblast (safe; 1% risk of failure)
Press: ? - help, Shift-Dir - straight line, f - ogre
Aim: an ogre, wielding a +0 giant spiked club (92% to hit)
Okay, then.
Casting: Sandblast (safe; 1% risk of failure)
Confirm with . or Enter, or press ? or * to list all spells.
Aiming: Stone Arrow (quite dangerous; 9% risk of failure)
Press: ? - help, Shift-Dir - straight line, f - ogre
Aim: an ogre, wielding a +0 giant spiked club (85% to hit)
You miscast Stone Arrow.
You are very lightly contaminated with residual magic.
Nothing appears to happen.
The ogre completely misses you.
Casting: Stone Arrow (quite dangerous; 9% risk of failure)
Confirm with . or Enter, or press ? or * to list all spells.
Aiming: Stone Arrow (quite dangerous; 9% risk of failure)
Press: ? - help, Shift-Dir - straight line, f/p - ogre
Aim: an ogre, wielding a +0 giant spiked club (85% to hit)
The stone arrow hits the ogre!
The ogre is moderately wounded.
Casting: Stone Arrow (quite dangerous; 9% risk of failure)
Confirm with . or Enter, or press ? or * to list all spells.
Aiming: Stone Arrow (quite dangerous; 9% risk of failure)
Press: ? - help, Shift-Dir - straight line, f/p - ogre
Aim: an ogre, wielding a +0 giant spiked club (moderately wounded, 85% to hit)
The stone arrow hits the ogre!
The ogre is severely wounded.
You hear the rapid rusting of a drain very nearby.
The ogre closely misses you. Magic courses through your body.
The ogre hits you with a +0 giant spiked club!!
Ouch! That really hurt!
You die...

#.###~..~#
#.##...........#
.###...#~~~~#
#.##############
.......######
#.# ######## #.#
#.# #.# #.#
#####.##
#...O@.#
#.###o.......
...#####. .....
##...## ##.##
#.# #.#


You could see an ogre and an orc.

Vanquished Creatures
  An iguana (D:4)
  2 adders
  A white imp (D:4)
  2 dart slugs
  5 orcs (D:3)
  15 ball pythons
  5 endoplasms
  3 giant cockroaches
  6 goblins
  8 hobgoblins
  5 quokkas
  11 bats
  6 frilled lizards
  6 kobolds
  5 rats
81 creatures vanquished.

Notes
Turn   | Place    | Note
-------+----------+-------------------------------------------
     0 | D:1      | CougarLife the Gargoyle Earth Elementalist began the quest
                  | for the Orb.
     0 | D:1      | Reached XP level 1. HP: 10/10 MP: 3/3
   177 | D:1      | Reached XP level 2. HP: 14/15 MP: 1/5
   377 | D:1      | Reached skill level 4 in Earth Magic
   616 | D:1      | Reached XP level 3. HP: 19/19 MP: 1/6
  1032 | D:1      | Found The Oracle's Delphic Readings.
  1036 | D:1      | Bought a scroll of identify for 20 gold pieces
  1448 | D:2      | Reached XP level 4. HP: 24/24 MP: 5/8
  2493 | D:3      | Learned a level 3 spell: Stone Arrow
  3097 | D:4      | Noticed Eustachio
  3183 | D:4      | Reached XP level 5. HP: 23/28 MP: 6/9
  3397 | D:4      | Noticed an ogre
  3402 | D:4      | Slain by an ogre

Illustrated notes

Levels and vault maps discovered:
D:1:      dpeg_arrival_rhombi, layout_basic, nicolae_nh_oracle_at_delphi
D:2:      layout_loops_ring
D:3:      layout_basic, nicolae_overflow_hidden_temple, serial_bayou_pond_d
D:4:      layout_loops_corners, serial_shops, nicolae_shop_trees,
          mainiacjoe_sewer_entry_somewhere_in_here_2,
          kennysheep_generic_room_14, uniq_eustachio

Skill      XL: |  1  2  3  4 |
---------------+-------------+-----
Earth Magic    | 4 |  4.9
Conjurations   | 2 3 |  3.1
Spellcasting   | 3 |  3.3
Dodging        | |  1.5
Stealth        | |  2.1

Action                     |  1- 3 |  4- 6 || total
---------------------------+-------+-------++-------
  Melee: Unarmed           |     1 |       ||     1
         Dagger            |     2 |     5 ||     7
   Cast: Sandblast         |    57 |    49 ||   106
         Stone Arrow       |       |     2 ||     2
    Use: Potion            |       |     1 ||     1
 Armour: Robe              |     9 |    12 ||    21
  Dodge: Dodged            |    14 |    12 ||    26

Table legend: (Time is in decaauts)
 A = Elapsed time spent in this place.
 B = Non-inter-level travel time spent in this place.
 C = Inter-level travel time spent in this place.
 D = Time resting spent in this place.
 E = Time spent auto-exploring this place.
 F = Levels seen in this place.
 G = Mean time per level.
                   A        B        C        D        E       F      G
               +--------+--------+--------+--------+--------+-----+--------+
         Total |   3455 |   3274 |    181 |      2 |   2474 |   4 |  863.8 |
       Dungeon |   3455 |   3274 |    181 |      2 |   2474 |   4 |  863.8 |
               +--------+--------+--------+--------+--------+-----+--------+

Top non-repeatable levels by time:
     D:1: 1279 daAuts
     D:2: 944 daAuts
     D:3: 820 daAuts
     D:4: 411 daAuts
